 Dungeon Crawl Stone Soup version 0.21.1-1-g345015f (webtiles) character file.

324 Kagorn the Skirmisher (level 6, 0/40 HPs)
             Began as a Gargoyle Fighter on July 17, 2018.
             Was a Believer of Makhleb.
             Slain by an ogre
             ... wielding a +0 giant club
              (18 damage)
             ... on level 3 of the Dungeon.
             The game lasted 00:19:21 (2960 turns).

Kagorn the Skirmisher (Gargoyle Fighter)            Turns: 2960, Time: 00:19:22

Health: 0/40       AC: 14    Str: 21    XL:     6   Next: 48%
Magic:  6/6        EV:  8    Int:  8    God:    Makhleb [**....]
Gold:   197        SH:  9    Dex: 10    Spells: 4/5 levels left

rFire    . . .     SeeInvis .   w - +0 mace
rCold    . . .     Gourm    .   c - +0 shield
rNeg     + . .     Faith    .   b - +0 scale mail
rPois    ∞         Spirit   .   m - +0 helmet
rElec    +         Reflect  .   j - +1 cloak
rCorr    .         Harm     +   (no gloves)
MR       .....                  (no boots)
Stlth    ..........             g - amulet of harm
HPRegen  0.13/turn              (no ring)
MPRegen  0.10/turn              (no ring)

@: no status effects
A: negative energy resistance 1, electricity resistance, unbreathing,
petrification resistance, rot immunity, AC +4
a: Minor Destruction, Renounce Religion


You were on level 3 of the Dungeon.
You worshipped Makhleb.
Makhleb was pleased with you.
You were not hungry.

You visited 1 branch of the dungeon, and saw 3 of its levels.
You also visited: Sewer.

You collected 197 gold pieces.

Inventory:

Hand Weapons
 a - a +0 flail
 l - a +0 whip
 w - a +0 mace (weapon)
 B - a +0 morningstar
Missiles
 s - 43 stones (quivered)
 x - 2 poisoned tomahawks
Armour
 b - a +0 scale mail (worn)
 c - a +0 shield (worn)
 j - a +1 cloak (worn)
 m - a +0 helmet (worn)
 y - a +0 buckler
Jewellery
 g - an amulet of harm (around neck)
Wands
 p - a wand of flame (34)
 C - a wand of disintegration (13)
Scrolls
 h - a scroll of blinking {unknown}
 i - 5 scrolls of identify {unknown}
 k - a scroll of fog {unknown}
 o - a scroll of immolation {unknown}
 q - a scroll of enchant armour {unknown}
 r - a scroll of teleportation {unknown}
 t - 4 scrolls of fear {unknown}
 A - a scroll of random uselessness {unknown}
Potions
 d - 2 potions of might
 e - 4 potions of flight
 n - a potion of mutation {unknown}
 u - a potion of invisibility {unknown}
 v - a potion of resistance {unknown}
 z - 2 potions of degeneration {unknown}
Books
 D - a book of Cantrips

   Spells                             Type                      Level
   a - Confusing Touch                Hexes                        1
   b - Animate Skeleton               Necromancy                   1
   c - Summon Small Mammal            Summoning                    1
   d - Apportation                    Translocation                1
Comestibles
 f - 4 rations


   Skills:
 * Level 4.9 Fighting
 * Level 3.9 Maces & Flails
 + Level 4.2 Armour
 + Level 1.5 Dodging
 + Level 4.1 Shields
 + Level 0.0 Spellcasting
 + Level 0.0 Translocations


You had 4 spell levels left.
You knew the following spells:

 Your Spells              Type           Power        Failure   Level  Hunger
a - Apportation           Tloc           #.....       99%         1    ##.....


Dungeon Overview and Level Annotations

Branches:
Dungeon (3/15)

Altars:
Cheibriados
Elyvilon
Gozag
Makhleb
Qazlal


Innate Abilities, Weirdness & Mutations

You are resistant to torment.
Your stone body is resilient. (AC +4)
You are immune to poison.
You resist negative energy. (rN+)
You are resistant to electric shocks. (rElec)
You can survive without breathing.
You are immune to petrification.
You are immune to rotting.


Message History

The ogre hits you with a giant club.
Your shield and scale mail prevent you from hitting the ogre.
The ogre is heavily wounded.
You block the ogre's attack.
You hit the ogre.
The ogre is severely wounded.
The ogre hits you with a giant club.
You hit the ogre but do no damage.
The ogre is severely wounded.
You block the ogre's attack.
Your shield and scale mail prevent you from hitting the ogre.
The ogre is severely wounded.
You block the ogre's attack.
You hit the ogre.
The ogre is severely wounded.
The ogre hits you with a giant club.
You hit the ogre.
The ogre is almost dead.
The ogre hits you with a giant club!
You die...

#.....###....##.#.#######.##..##
#.....# #######.#...............
#.....# #.#########.......
#.##'## #<# #.##..## #.##.# #.#
#.##..># #.##.# #.# #.##...#
#.##.# #.##### #.##...# #.##.#
#######.#...#####.##.... #.##..
......O@..............#. #.####
#######.#...#####.###.#. #.#
#.#...##.......... #.#
#.#...#........... #.# #####
#.####......###.## #)# #...# #.#
#†...#.##.... #.# #...# #.#
#.#..#.##..## #.#######...###.#
#.#..#.##..## #.......'....# #
#.#..#.##..##


You could see an ogre.

Vanquished Creatures
  2 orc wizards (D:3)
  An orc priest (D:3)
  Ijyb (D:3)
  4 adders (D:2)
  A river rat (D:3)
  6 oozes
  6 worms
  2 dart slugs
  3 leopard geckos
  15 orcs (D:3)
  15 bats
  4 giant cockroaches
  6 hobgoblins
  4 jackals (Sewer)
  9 kobolds
  4 ball pythons
  7 frilled lizards
  4 goblins
  8 rats
102 creatures vanquished.

Vanquished Creatures (others)
  An orc wizard (D:3)
1 creature vanquished.

Grand Total: 103 creatures vanquished

Notes
Turn   | Place    | Note
-------+----------+-------------------------------------------
     0 | D:1      | Kagorn the Gargoyle Fighter began the quest for the Orb.
     0 | D:1      | Reached XP level 1. HP: 14/14 MP: 1/1
   188 | D:1      | Reached XP level 2. HP: 13/19 MP: 2/2
   565 | D:1      | Reached XP level 3. HP: 24/24 MP: 3/3
   855 | D:2      | Found a snail-covered altar of Cheibriados.
   880 | D:2      | Reached XP level 4. HP: 22/29 MP: 4/4
   916 | D:2      | Found a stormy altar of Qazlal.
  1070 | D:2      | Found an opulent altar of Gozag.
  1201 | D:2      | Found a burning altar of Makhleb.
  1206 | D:2      | Became a worshipper of Makhleb the Destroyer
  1585 | D:3      | Reached skill level 1 in Dodging
  1585 | D:3      | Reached XP level 5. HP: 32/33 MP: 5/5
  1650 | D:3      | Found a white marble altar of Elyvilon.
  1692 | D:3      | Reached * piety under Makhleb
  1850 | D:3      | Found a glowing drain.
  1861 | Sewer    | Entered a sewer
  1867 | Sewer    | Reached XP level 6. HP: 11/39 MP: 6/6
  2287 | Sewer    | Reached ** piety under Makhleb
  2783 | D:3      | Noticed Ijyb
  2785 | D:3      | Paralysed by Ijyb for 6 turns
  2796 | D:3      | Paralysed by Ijyb for 4 turns
  2807 | D:3      | Killed Ijyb
  2824 | D:3      | Learned a level 1 spell: Apportation
  2960 | D:3      | Slain by an ogre

Skill      XL: |  1  2  3  4  5 |
---------------+----------------+-----
Fighting       | 4 |  4.9
Maces & Flails | 3 |  3.9
Dodging        | 1 |  1.5
Armour         | 4 |  4.2
Shields        | 4 |  4.1

Action                   |  1- 3 |  4- 6 || total
-------------------------+-------+-------++-------
Melee: Flail             |    94 |   107 ||   201
       Mace              |       |   202 ||   202
  Use: Potion            |       |     3 ||     3
  Eat: Ration            |       |     3 ||     3
Armor: Scale mail        |    51 |   209 ||   260
Dodge: Dodged            |    51 |   138 ||   189
Block: Shield            |    46 |   213 ||   259
